 Dungeon Crawl Stone Soup version 0.20-a0-454-g2b43fbb (webtiles) character file.

20883 Duffy the Blocker (level 13, -5/99 HPs)
             Began as a Formicid Fighter on Jan 9, 2017.
             Was an Elder of Makhleb.
             Slain by a ynoxinul (7 damage)
             ... on level 2 of the Abyss.
             The game lasted 00:14:43 (14133 turns).

Duffy the Blocker (Formicid Fighter)               Turns: 14133, Time: 00:14:43

Health: -5/99      AC: 20    Str: 26    XL:     13   Next: 15%
Magic:  16/16      EV:  7    Int:  6    God:    Makhleb [****..]
Gold:   314        SH:  0    Dex: 10    Spells: 12/12 levels left

rFire  + . .     SeeInvis +     H - +0 battleaxe
rCold  . . .     Gourm    .     I - +1 plate armour {rF+}
rNeg   . . .     Faith    .     n - +1 shield {AC+3}
rPois  .         Spirit   .     (helmet unavailable)
rElec  .         Reflect  .     (no cloak)
rCorr  .         Harm     +     v - +1 pair of gloves
MR     +....                    (no boots)
Stlth  ..........               h - amulet of harm
                                (no ring)
                                (no ring)

@: confused
A: permanent stasis, dig shafts and tunnels, four strong arms, antennae 3, dopey
1, MP-powered wands
a: Dig, Shaft Self, Minor Destruction, Lesser Servant of Makhleb, Major
Destruction, Renounce Religion


You were on level 2 of the Abyss.
You worshipped Makhleb.
Makhleb was greatly pleased with you.
You were hungry.

You visited 3 branches of the dungeon, and saw 13 of its levels.
You visited the Abyss 1 time.

You collected 829 gold pieces.
You spent 515 gold pieces at shops.

Inventory:

Hand Weapons
 a - a +0 war axe
 b - a +2 whip of electrocution
 u - a +1 broad axe
 H - a +0 battleaxe (weapon)
Missiles
 K - a throwing net (quivered)
Armour
 n - a +1 shield of protection (worn)
 v - a +1 pair of gloves (worn)
 I - a +1 plate armour of fire resistance (worn)
Jewellery
 c - an uncursed ring of magical power {unknown}
 h - an amulet of harm (around neck)
 E - an uncursed ring of ice
Wands
 i - a wand of random effects (35/48)
 C - a wand of polymorph (5/24)
 G - a wand of paralysis (9/24)
Scrolls
 e - 5 scrolls of enchant weapon
 j - a scroll of magic mapping
 k - 6 scrolls of remove curse
 l - a scroll of immolation
 t - 4 scrolls of recharging
 y - a scroll of summoning {unknown}
 A - 5 scrolls of fear
 D - a scroll of vulnerability
Potions
 d - 2 potions of might
 o - a potion of curing
 p - 4 potions of haste {unknown}
 r - 3 potions of agility {unknown}
 s - 4 potions of flight
 w - 2 potions of mutation {unknown}
 x - a potion of heal wounds
 z - a potion of berserk rage {unknown}
 B - a potion of brilliance {unknown}
 F - a potion of cancellation
Comestibles
 f - 9 bread rations
 g - 8 meat rations
 m - 3 beef jerkies
 q - a slice of pizza


   Skills:
 - Level 8.4 Fighting
 + Level 13.2 Axes
 + Level 4.1 Throwing
 - Level 8.4 Armour
 + Level 13.5 Shields
 + Level 4.9 Invocations


You had 12 spell levels left.
You didn't know any spells.

Dungeon Overview and Level Annotations

Branches:
Dungeon (11/15)            Temple (1/1) D:6            Lair (1/6) D:10
    Orc: D:9-12

Altars:
Ashenzari
Cheibriados
Dithmenos
Elyvilon
Fedhas
Gozag
Hepliaklqana
Kikubaaqudgha
Makhleb
Nemelex Xobeh
Okawaru
Qazlal
Ru
Sif Muna
Trog
Uskayaw
Vehumet
Xom
Yredelemnul
Zin
The Shining One

Shops:
D:4 [   D:7 *

Annotations:
D:11 Psyche
Lair:1 exclusion: oklob plant


Innate Abilities, Weirdness & Mutations

You cannot be hasted, slowed, berserked, paralysed or teleported.
You can dig through walls and to a lower floor.
Your four strong arms can wield two-handed weapons with a shield.
You have a pair of large antennae on your head. (SInv)
[You are dopey. (Int -2)]
[You expend magic power (3 MP) to strengthen your wands.]


Message History

The golden eye blinks!
The ufetubus hits you but does no damage.
The ufetubus hits you.
The golden eye blinks!
The large abomination hits you but does no damage.
You miss the ufetubus. You closely miss the golden eye.
You closely miss the large abomination.
Your plate armour prevents you from hitting the tentacled starspawn.
The ufetubus closely misses you.
The ufetubus hits you but does no damage.
The golden eye blinks at you.
You are more confused.
The golden eye blinks at you. x2
Your plate armour prevents you from hitting the tentacled starspawn.
You slash the large abomination! You slice the golden eye!!
You kill the golden eye!
Makhleb accepts your kill.
You feel better.
You closely miss the ynoxinul. The large abomination hits you!
The tentacled starspawn bites you!! The tentacled starspawn engulfs you!
You bump into the rock wall.
The ynoxinul hits you.
You die...

.# #.#..# . #.
#####..#.# .#.#
###. ..#. . # .
# .#{
#...#..#... ...
## #.# .#.. #.
#. .## # . #
#{{.... # .{ .
#####5#######
#.. .
#....5X@## ##
#....G3.XG.....
..#.#######.###
..# $#..###..G.
| . #..... .##.
# .##..# # ..
###. #


You could see a tentacled starspawn, a large abomination, a ynoxinul, 2 golden
eyes and 2 ufetubi.

Vanquished Creatures
  Erolcha (D:10)
  2 two-headed ogres
  The ghost of Vidiiot the Cruncher, a novice BaGl of Cheibriados (D:8)
  A wretched star (Abyss:2)
  A skeletal warrior (D:10)
  Pikel (D:7)
  A fire giant zombie (Abyss:2)
  A cyclops (D:8)
  2 ugly things
  5 torpor snails (Lair:1)
  2 smoke demons (Abyss:2)
  A spiny frog (Lair:1)
  A komodo dragon (Lair:1)
  4 starcursed masses (Abyss:2)
  The ghost of Nuatha the Ruffian, an amateur TrMo (D:5)
  A troll (D:10)
  4 hippogriffs
  A hornet (D:11)
  8 blink frogs (Lair:1)
  Sigmund (D:6)
  A spriggan (D:7)
  A black mamba skeleton (Abyss:2)
  A wyvern (D:11)
  A hungry ghost (D:8)
  Grum (D:10)
  20 yaks
  A golden eye (Abyss:2)
  Menkaure (D:6)
  2 water moccasins (Lair:1)
  3 porcupines (D:10)
  3 ice beasts
  An orc warrior (D:9)
  A black bear (D:10)
  3 phantoms
  3 sky beasts
  4 ogres
  4 wolves (D:10)
  2 centaurs
  3 crocodiles
  A big kobold (D:8)
  A small abomination (Abyss:2)
  7 bullfrogs
  A wyvern skeleton (D:8)
  4 scorpions
  4 killer bees (D:8)
  A howler monkey (D:5)
  2 crimson imps
  2 quasits
  3 bullfrog zombies
  A jelly (D:6)
  3 hounds
  7 orc wizards
  2 centaur skeletons
  5 orc priests
  3 gnoll shamans
  14 worker ants
  Ijyb (D:2)
  An iguana (D:10)
  A hound zombie (D:6)
  A worker ant zombie (D:5)
  17 gnolls
  12 adders
  7 shadow imps
  A white imp (D:9)
  An ooze (D:4)
  An adder zombie (D:8)
  3 adder skeletons
  3 worms
  5 dart slugs
  4 leopard geckos
  23 orcs
  5 giant cockroaches
  7 hobgoblins
  17 jackals
  2 quokkas
  2 ball pythons
  6 bats
  2 frilled lizards
  4 goblins
  A goblin skeleton (D:9)
  A hobgoblin zombie (D:9)
  A jackal skeleton (D:4)
  14 kobolds
  3 kobold skeletons (D:9)
  2 kobold zombies (D:9)
  An orc skeleton (D:9)
  3 orc zombies (D:9)
  A quokka skeleton (D:4)
  8 rats
  3 plants (D:10)
321 creatures vanquished.

Vanquished Creatures (others)
  A slave (D:7)
  A black bear (D:7)
  A centaur (D:7)
  A worker ant (D:7)
  A gnoll (D:7)
  3 fungi
  4 plants
  4 starspawn tentacles (Abyss:2)
16 creatures vanquished.

Grand Total: 337 creatures vanquished

Notes
Turn   | Place    | Note
-------+----------+-------------------------------------------
     0 | D:1      | Duffy the Formicid Fighter began the quest for the Orb.
     0 | D:1      | Reached XP level 1. HP: 18/18 MP: 1/1
   121 | D:1      | Reached XP level 2. HP: 23/24 MP: 2/2
   388 | D:1      | Reached XP level 3. HP: 27/29 MP: 3/3
  1027 | D:2      | Reached XP level 4. HP: 22/35 MP: 4/4
  1195 | D:2      | Reached skill level 5 in Shields
  1254 | D:2      | Noticed Ijyb
  1262 | D:2      | Killed Ijyb
  1710 | D:2      | You fall through a shaft!
  1769 | D:3      | Reached XP level 5. HP: 38/41 MP: 5/5
  2626 | D:3      | Reached XP level 6. HP: 46/47 MP: 6/6
  3317 | D:4      | Reached skill level 5 in Axes
  3400 | D:4      | Found Ustruedet's Armour Emporium.
  3405 | D:4      | Reached XP level 7. HP: 42/52 MP: 7/7
  3549 | D:4      | Found an ancient bone altar of Kikubaaqudgha.
  3930 | D:5      | Entered Level 5 of the Dungeon
  4413 | D:5      | Noticed Nuatha's ghost (amateur TrMo)
  4783 | D:5      | Reached XP level 8. HP: 51/58 MP: 8/8
  4889 | D:5      | Noticed Sigmund
  5082 | D:6      | Killed Sigmund
  5637 | D:6      | Found a staircase to the Ecumenical Temple.
  5645 | Temple   | Entered the Ecumenical Temple
  5855 | Temple   | Became a worshipper of Makhleb the Destroyer
  6072 | D:6      | Found an ancient bone altar of Kikubaaqudgha.
  6270 | D:6      | Noticed Menkaure
  6276 | D:6      | Killed Menkaure
  6276 | D:6      | Reached XP level 9. HP: 43/64 MP: 9/9
  6575 | D:4      | Bought a +1 plate armour of fire resistance for 350 gold pieces
  6676 | D:6      | Reached skill level 10 in Shields
  6843 | D:7      | Noticed Pikel
  6868 | D:7      | Killed Pikel
  6934 | D:7      | Found a hazy altar of Hepliaklqana.
  7500 | D:7      | Reached * piety under Makhleb
  7500 | D:7      | Reached skill level 5 in Armour
  7604 | D:7      | Found an opulent altar of Gozag.
  7614 | D:7      | Found Gozag's Platinum Reserve.
  7832 | D:8      | Found a blossoming altar of Fedhas.
  7955 | D:8      | Reached XP level 10. HP: 53/70 MP: 10/10
  8940 | D:8      | Noticed Vidiiot's ghost (novice BaGl)
  9019 | D:8      | Killed Vidiiot's ghost
  9319 | D:8      | Reached ** piety under Makhleb
  9391 | D:8      | Noticed a cyclops
  9405 | D:8      | Killed a cyclops
  9405 | D:8      | Reached skill level 10 in Axes
  9440 | D:8      | Noticed a two-headed ogre
  9769 | D:4      | Bought a +1 shield of protection for 165 gold pieces
  9846 | D:5      | Killed Nuatha's ghost
 10232 | D:5      | Found a snail-covered altar of Cheibriados.
 10233 | D:5      | Found a blossoming altar of Fedhas.
 10521 | D:8      | Killed a two-headed ogre
 10647 | D:8      | Reached XP level 11. HP: 75/75 MP: 11/11
 10808 | D:9      | Found a glowing golden altar of the Shining One.
 10863 | D:9      | Reached *** piety under Makhleb
 11138 | D:9      | Found a sacrificial altar of Ru.
 11346 | D:10     | Entered Level 10 of the Dungeon
 11425 | D:10     | Reached skill level 5 in Fighting
 11611 | D:10     | Found a staircase to the Lair.
 11715 | D:10     | Noticed Erolcha
 11735 | D:10     | Killed Erolcha
 11735 | D:10     | Reached XP level 12. HP: 82/89 MP: 12/12
 11792 | D:10     | Reached **** piety under Makhleb
 12083 | D:10     | Noticed Grum
 12109 | D:10     | Killed Grum
 12460 | Lair:1   | Entered Level 1 of the Lair of Beasts
 12545 | Lair:1   | Found a snail-covered altar of Cheibriados.
 12680 | Lair:1   | Reached skill level 1 in Throwing
 12811 | Lair:1   | Reached skill level 1 in Invocations
 13614 | D:11     | Noticed a two-headed ogre
 13632 | D:11     | Killed a two-headed ogre
 13650 | D:11     | Noticed a skeletal warrior
 13651 | D:11     | Noticed a skeletal warrior
 13651 | D:11     | Noticed a skeletal warrior
 13654 | D:11     | Noticed a skeletal warrior
 13654 | D:11     | Noticed a skeletal warrior
 13696 | D:10     | Killed a skeletal warrior
 13821 | D:11     | Noticed Psyche
 13826 | D:11     | Cast into level 2 of the Abyss (Psyche)
 13826 | Abyss:2  | Found a corrupted altar of Lugonu.
 13879 | Abyss:2  | Found a corrupted altar of Lugonu.
 13906 | Abyss:2  | Noticed a wretched star
 13915 | Abyss:2  | Killed a wretched star
 13915 | Abyss:2  | Reached XP level 13. HP: 36/99 MP: 16/16
 14003 | Abyss:2  | Noticed a starcursed mass
 14070 | Abyss:2  | Found a corrupted altar of Lugonu.
 14116 | Abyss:2  | Noticed a tentacled starspawn
 14132 | Abyss:2  | HP: 2/99 [tentacled starspawn (10)]
 14133 | Abyss:2  | Slain by a ynoxinul

Vault maps used:
D:1:      minmay_arrival_three_doors, hangedman_decor_opposing,
          minmay_tromino_v4_a
D:2:      uniq_iyjb
D:4:      kiku_gazebo_pond_becter, first_bread, serial_shops, shop_statue
D:5:      gammafunk_temple_overflow_statue, uniq_sigmund
D:6:      lemuel_tele_altar, uniq_menkaure
D:7:      lemuel_crystal_altar, the_bakery, nicolae_gozag_zags_fifth_avenue,
          uniq_pikel
D:8:      minmay_misc_feat_roman, fedhas_altar_3
D:9:      nicolae_tso_besieged_by_evil, nicolae_overflow_hidden_temple
D:10:     minmay_lair_entry_grove, uniq_erolcha, uniq_grum
D:11:     zombieorc2_lemuel, portal_ice_cave_entry_imps,
          hangedman_feature_mirror, uniq_psyche, uniq_sonja
Temple:   regret_index_temple_generic_petals
Lair:1:   kennysheep_snail_temple, infiniplex_staircase_pool,
          minmay_lair_oklob_chamber
Abyss:2:  minivault_1

Skill      XL: |  1  2  3  4  5  6  7  8  9 10 11 12 13 |
---------------+----------------------------------------+-----
Shields        | 4 5 6 7 9 10 12 13 | 13.5
Axes           | 3 4 5 6 7 9 10 11 13 | 13.2
Armour         | 5 7 8 |  8.4
Fighting       | 6 8 |  8.4
Throwing       | 3 4 |  4.1
Invocations    | 4 |  4.9

Action                   |  1- 3 |  4- 6 |  7- 9 | 10-12 | 13-15 || total
-------------------------+-------+-------+-------+-------+-------++-------
Melee: War axe           |    92 |   169 |   258 |       |       ||   519
       Broad axe         |       |       |    65 |   657 |       ||   722
       Battleaxe         |       |       |       |    24 |    46 ||    70
 Abil: Dig               |       |     1 |     7 |     8 |       ||    16
  Use: Scroll            |       |       |    11 |     5 |       ||    16
       Potion            |       |       |       |     5 |     1 ||     6
  Eat: Chunk             |       |     9 |    11 |    16 |       ||    36
       Pizza             |       |       |     2 |     2 |       ||     4
       Fruit             |       |       |     2 |     2 |       ||     4
       Bread ration      |       |       |       |     2 |       ||     2
Armor: Scale mail        |    49 |    67 |    62 |       |       ||   178
       Plate armour      |       |       |    47 |   281 |    29 ||   357
Dodge: Dodged            |    47 |    43 |    75 |   131 |    19 ||   315
Block: Shield            |    69 |    93 |   185 |   394 |    22 ||   763
